Map: [ESL] Solaris

Players

ShoWTimE

  • Race: Protoss Protoss
  • League: Master
  • Spawn Location: 1:00

ForJumY - Winner!

  • Race: Protoss Protoss
  • League: Grandmaster
  • Spawn Location: 7:00

Event: HomeStory Cup XXIV

VOD

Have the link to the VOD?

Description

Time

  • Played on: Dec. 2, 2023, 6:45 a.m.
  • Length: 10:01

All games in this series

Show
View Real Time Build Order
Export as new Build Order

ShoWTimE Protoss 

Build Orders: Oracle Opening 

Get SALT Encoding   

  12  0:00  Probe  
  13  0:12  Probe  
  14  0:17  Pylon  
  14  0:24  Probe (Chrono Boost)  
  15  0:36  Gateway, Probe (Chrono Boost)  
  16  0:44  Probe (Chrono Boost)  
  16  0:46  Assimilator  
  17  0:50  Probe  
  17  0:54  Assimilator  
  18  1:03  Probe (Chrono Boost)  
  19  1:07  Gateway  
  19  1:13  Probe (Chrono Boost)  
  19  1:18  Probe (Chrono Boost)  
  20  1:23  Cybernetics Core  
  21  1:29  Probe  
  22  1:34  Pylon  
  22  1:41  Probe  
  23  1:53  Probe  
  24  2:00  Warp Gate, Adept x2  
  28  2:06  Probe  
  29  2:11  Stargate  
  29  2:16  Pylon  
  29  2:25  Pylon  
  29  2:31  Stalker  
  31  2:40  Stalker  
  33  2:44  Shield Battery  
  33  2:45  Probe  
  34  2:56  Oracle (Chrono Boost), Pylon  
  34  3:00  Probe  
  38  3:14  Probe  
  38  3:18  Adept  
  35  3:25  Robotics Facility  
  35  3:26  Probe  
  36  3:28  Shield Battery  
  38  3:37  Shield Battery  
  38  3:43  Pylon  
  38  3:47  Probe  
  37  4:05  Sentry, Stalker  
  41  4:11  Nexus  
  41  4:15  Immortal (Chrono Boost)  
  41  4:23  Shield Battery  
  45  4:27  Probe  
  46  4:32  Pylon  
  46  4:39  Probe  
  47  4:50  Observer (Chrono Boost), Stalker x2  
  53  4:52  Probe  
  53  4:58  Pylon  
  53  5:05  Probe  
  54  5:17  Twilight Council, Probe  
  55  5:29  Probe  
  55  5:32  Probe  
  61  5:41  Probe  
  62  5:44  Probe  
  62  5:46  Immortal (Chrono Boost)  
  63  5:53  Pylon  
  63  5:57  Pylon  
  63  5:59  Probe x2  
  52  6:12  Stalker x2  
  54  6:18  Probe  
  54  6:19  Probe  
  54  6:23  Immortal (Chrono Boost)  
  60  6:30  Probe  
  61  6:33  Pylon  
  61  6:38  Nexus  
  61  6:41  Probe  
  61  6:43  Probe  
  63  6:49  Oracle (Chrono Boost)  
  63  6:53  Probe  
  67  6:55  Probe  
  67  7:01  Assimilator  
  68  7:04  Shield Battery  
  68  7:05  Probe  
  68  7:07  Probe  
  70  7:10  Pylon  
  70  7:17  Shield Battery, Probe  
  70  7:19  Adept, Probe  
  70  7:21  Blink (Chrono Boost)  
  74  7:29  Probe  
  75  7:31  Probe  
  75  7:34  Pylon  
  76  7:40  Stalker x2  
  76  7:41  Probe  
  76  7:43  Probe  
  82  7:45  Gateway  
  82  7:53  Probe  
  82  7:54  Probe  
  82  7:55  Probe  
  84  8:05  Probe  
  84  8:06  Probe, Stalker x2  
  84  8:07  Probe  
  84  8:11  Forge  
  89  8:18  Probe x2  
  89  8:19  Probe  
  92  8:26  Immortal (Chrono Boost)  
  94  8:30  Probe x2  
  94  8:31  Probe, Forge  
  95  8:37  Pylon  
  95  8:40  Gateway  
  95  8:42  Probe x2  
  95  8:43  Gateway  
  95  8:44  Stalker, Probe  
  100  8:53  Pylon  
  100  8:57  Zealot x2  
  100  9:02  Observer (Chrono Boost)  
  105  9:07  Pylon  
  104  9:10  Stalker  
  104  9:11  Pylon  
  106  9:23  Zealot x2  
  108  9:34  Zealot x2  
  102  9:38  Zealot  
  98  9:52  Stalker x2  
  77  10:00  Zealot x3  
Show
View Real Time Build Order
Export as new Build Order

ForJumY Protoss - Winner!

Build Orders: Blink Stalkers 

Get SALT Encoding   

  12  0:00  Probe  
  13  0:12  Probe  
  14  0:17  Pylon  
  14  0:24  Probe (Chrono Boost)  
  15  0:35  Gateway  
  15  0:36  Probe (Chrono Boost)  
  16  0:45  Probe (Chrono Boost)  
  16  0:46  Assimilator  
  17  0:50  Probe  
  17  0:54  Assimilator  
  18  1:03  Probe (Chrono Boost)  
  19  1:07  Gateway  
  20  1:12  Probe (Chrono Boost)  
  20  1:17  Probe (Chrono Boost)  
  20  1:23  Cybernetics Core  
  21  1:29  Probe  
  22  1:34  Pylon  
  22  1:46  Probe  
  23  1:58  Probe  
  23  1:59  Stalker  
  23  2:00  Stalker  
  23  2:01  Warp Gate  
  28  2:13  Twilight Council  
  28  2:18  Pylon  
  28  2:21  Probe  
  29  2:34  Probe  
  30  2:39  Stalker  
  30  2:40  Stalker  
  34  2:46  Probe  
  35  2:55  Blink (Chrono Boost)  
  35  2:59  Probe  
  36  3:09  Shield Battery  
  31  3:23  Probe  
  32  3:32  Nexus  
  32  3:35  Probe  
  32  3:41  Pylon  
  33  3:49  Stalker  
  33  3:54  Probe  
  36  3:59  Stalker  
  38  4:06  Probe  
  38  4:09  Shield Battery  
  38  4:18  Probe (Chrono Boost)  
  38  4:19  Stalker  
  41  4:30  Sentry, Probe (Chrono Boost)  
  44  4:33  Shield Battery  
  44  4:35  Probe (Chrono Boost)  
  45  4:44  Probe (Chrono Boost)  
  46  4:47  Stalker  
  50  4:53  Probe x2 (Chrono Boost)  
  50  4:57  Stalker  
  50  4:58  Probe  
  52  5:06  Probe  
  54  5:10  Stalker  
  54  5:11  Probe  
  57  5:18  Probe  
  58  5:23  Probe  
  59  5:29  Nexus  
  59  5:33  Pylon  
  59  5:41  Stalker  
  59  5:42  Probe  
  62  5:51  Probe  
  62  5:54  Probe  
  62  5:57  Stalker  
  63  6:04  Probe  
  63  6:09  Robotics Facility, Stalker  
  55  6:20  Gateway  
  55  6:21  Gateway  
  55  6:24  Stalker, Pylon  
  55  6:25  Probe  
  56  6:26  Probe  
  56  6:32  Gateway  
  57  6:34  Charge  
  57  6:36  Gateway  
  57  6:40  Stalker  
  57  6:41  Probe  
  57  6:42  Probe  
  57  6:45  Probe  
  61  6:52  Stalker  
  56  6:57  Probe (Chrono Boost)  
  56  6:59  Probe (Chrono Boost)  
  56  7:00  Observer (Chrono Boost), Shield Battery  
  59  7:02  Probe (Chrono Boost)  
  59  7:04  Gateway  
  59  7:05  Gateway  
  59  7:06  Stalker  
  63  7:10  Probe (Chrono Boost)  
  63  7:11  Probe (Chrono Boost)  
  63  7:12  Probe (Chrono Boost)  
  63  7:15  Probe (Chrono Boost)  
  65  7:16  Probe (Chrono Boost)  
  65  7:18  Forge  
  65  7:19  Probe  
  65  7:22  Warp Prism (Chrono Boost)  
  68  7:28  Pylon  
  70  7:31  Stalker  
  70  7:35  Adept  
  70  7:36  Adept  
  76  7:44  Stalker  
  76  7:47  Probe  
  76  7:48  Pylon  
  76  7:49  Stalker  
  76  7:50  Protoss Ground Weapons Level 1 (Chrono Boost)  
  79  7:59  Zealot x4  
  79  8:05  Stalker x2  
  90  8:10  Probe  
  88  8:13  Stalker  
  88  8:15  Stalker  
  88  8:25  Probe  
  88  8:26  Probe  
  85  8:27  Stalker  
  87  8:40  Zealot x5  
  97  8:45  Probe  
  98  8:51  Zealot x3  
  98  8:53  Pylon  
  104  8:59  Zealot x2  
  108  9:11  Pylon  
  108  9:14  Pylon  
  108  9:18  Zealot x2, Stalker x2  
  112  9:27  Zealot x4  
  112  9:29  Probe  
  113  9:39  Zealot x2  
  113  9:43  Zealot x2  
  113  9:50  Zealot x4  
  113  9:59  Nexus  
Tags
 
Add a new tag
Caveats
  • Supply blocks, unpowered buildings, or Contaminate may cause inaccurate times.
  • Supply counts are checked every 10 seconds.